AoeStats
← Tio Iroh

Arena

505992945Analyzed
2v2 RM · 21d ago on Sep 11, 2026· 20m 3s· 4 players
Game mode
Random Map
Map size
Medium (4 player)
Population
200
Speed
Normal
Resources
Standard
Victory
Conquest
Starting age
Dark Age
Ending age
Imperial Age
RankedLock teamsTeams togetherTeam positionsShared explorationLock speedFull tech treeHidden civsTurbo modeCheats
Victory
Defeat
🇩🇪 Goths · Germany
1136
+18
🇩🇪 Portuguese · Germany
1123
+18
🇦🇷 Cumans · Argentina
1191
-19
🇦🇷 Magyars · Argentina
1156
-17
Covid19
10:17 Feudal Age
13:54 Castle Age
13:33 Loom
18:37 Double-Bit Axe
Event 201
0:47 Loom
11:44 Feudal Age
12:29 Man-at-Arms
18:01 Wheelbarrow
18:47 Double-Bit Axe
MatuAKD
9:27 Feudal Age
10:00 Double-Bit Axe
11:18 Bloodlines
19:01 Loom
Tio Iroh
9:37 Feudal Age
9:40 Loom
10:22 Double-Bit Axe
16:58 Horse Collar
18:21 Wheelbarrow
17:29 Horse Collar
Connection lost

Rejoining the realm…

Still unreachable

The connection could not be restored.

Session expired

The server has moved on; the page needs a fresh start.